 Dungeon Crawl Stone Soup version 0.25.1-2-g60ff931df9 (webtiles) character file.

Game seed: 4250175044330158476

67 lorenzova the Conjurer (level 4, -5/24 HPs)
             Began as a Deep Elf Conjurer on Oct 8, 2020.
             Killed from afar by Sigmund (8 damage)
             ... with a magic dart
             ... on level 2 of the Dungeon.
             The game lasted 00:01:53 (1604 turns).

lorenzova the Conjurer (Deep Elf Conjurer)          Turns: 1604, Time: 00:01:53

Health: -5/24      AC:  2    Str:  5    XL:     4   Next: 0%
Magic:  4/12       EV: 13    Int: 21    God:
Gold:   86         SH:  0    Dex: 15    Spells: 9/12 levels left

rFire    . . .     SeeInvis .   (no weapon)
rCold    . . .     Gourm    .   (no shield)
rNeg     . . .     Faith    .   a - +0 robe
rPois    .         Spirit   .   (no helmet)
rElec    .         Reflect  .   (no cloak)
rCorr    .         Harm     .   (no gloves)
MR       .....                  (no boots)
Stlth    +.........             (no amulet)
HPRegen  0.08/turn              (no ring)
MPRegen  0.13/turn              (no ring)

@: confused
A: no striking features
a: no special abilities


You were on level 2 of the Dungeon.
You were not hungry.

You visited 1 branch of the dungeon, and saw 2 of its levels.

You collected 86 gold pieces.

Inventory:

Armour
 a - a +0 robe (worn)
Scrolls
 b - 2 scrolls of identify {unknown}
 d - a scroll of immolation {unknown}
 e - a scroll of fog {unknown}
 f - 2 scrolls of teleportation {unknown}
 g - a scroll of enchant weapon {unknown}
 k - a scroll of enchant armour {unknown}
Potions
 h - a potion of stabbing {unknown}
 i - 2 potions of experience {unknown}
Comestibles
 c - 5 rations
 j - 5 chunks of flesh


   Skills:
 - Level 2.4 Dodging
 - Level 2.4 Stealth
 + Level 4.7 Spellcasting
 + Level 5.3 Conjurations


You had 9 spell levels left.
You knew the following spells:

 Your Spells              Type           Power        Failure   Level  Hunger
a - Magic Dart            Conj           ####         1%          1    None
b - Searing Ray           Conj           ####..       1%          2    #......

Your spell library contained the following spells:

 Spells                   Type           Power        Failure   Level  Hunger
 Dazzling Flash           Conj/Hex       ###...       11%         3    ##.....
 Fulminant Prism          Conj/Hex       ###.......   36%         4    ####...
 Iskenderun's Mystic Bla  Conj/Tloc      ###.....     36%         4    ####...


Dungeon Overview and Level Annotations

Branches:
Dungeon (2/15)

Altars:

Annotations:
D:2 Sigmund


Message History

The searing ray hits Sigmund.
Sigmund is severely wounded. (Press . to maintain the ray.)
The searing ray hits Sigmund!
Sigmund is almost dead.
Sigmund casts a spell at you.
You are confused.
Sigmund gestures at you while chanting. The puff of flame hits you.
Sigmund casts a spell at you. You resist with some effort.
Sigmund barely misses you. Sigmund casts a spell at you.
The puff of flame hits you!
Ouch! That really hurt!
* * * LOW HITPOINT WARNING * * *
Sigmund asks, "Do you like me?"
Sigmund points at you and mumbles some strange words.
The magic dart hits you!
You die...

#. #.. #.# #.##.# #.##†#
#.##@# #. #.##.###.##
####....@....#
........###..# ###..##.#
#..# #.###..##)###..#
#...........[..###########.
######..####........$†).))..
........# #.....#########..
#######.# #.....#
#.####.....####


You could see Sigmund.

Vanquished Creatures
  Robin (D:2)
  An adder (D:2)
  2 leopard geckos (D:1)
  2 bats
  3 giant cockroaches (D:1)
  12 goblins
  9 hobgoblins
  5 kobolds (D:1)
  2 rats (D:1)
37 creatures vanquished.

Notes
Turn   | Place    | Note
-------+----------+-------------------------------------------
     0 | D:1      | lorenzova the Deep Elf Conjurer began the quest for the
                  | Orb.
     0 | D:1      | Reached XP level 1. HP: 10/10 MP: 6/6
   135 | D:1      | Reached XP level 2. HP: 15/15 MP: 2/8
   437 | D:1      | Learned a level 2 spell: Searing Ray
  1057 | D:1      | Reached XP level 3. HP: 19/19 MP: 5/10
  1117 | D:1      | Reached skill level 5 in Conjurations
  1392 | D:2      | Noticed Robin
  1398 | D:2      | Killed Robin
  1573 | D:2      | Reached XP level 4. HP: 24/24 MP: 10/12
  1591 | D:2      | Noticed Sigmund
  1604 | D:2      | Killed from afar by Sigmund

Illustrated notes

Levels and vault maps discovered:
D:1:      psy_arrival_radial01, layout_basic, minmay_tall_x
D:2:      layout_loops_ring, fedhas_altar_3, uniq_sigmund, uniq_terence,
          uniq_robin

Skill      XL: |  1  2  3 |
---------------+----------+-----
Spellcasting   | 4 |  4.7
Conjurations   | 5 |  5.3
Dodging        | |  2.4
Stealth        | |  2.4

Action                   |  1- 3 |  4- 6 || total
-------------------------+-------+-------++-------
Melee: Unarmed           |     6 |       ||     6
 Cast: Magic Dart        |    60 |     2 ||    62
       Searing Ray       |     2 |     2 ||     4
  Eat: Chunk             |     2 |       ||     2
Armor: Robe              |     4 |       ||     4
Dodge: Dodged            |     8 |     3 ||    11
